 Dungeon Crawl Stone Soup version 0.31-a0-369-g8eba5f6939 (webtiles) character file.

Game seed: 11696305884908742728

13039 drugrobin the Cleaver (level 11, -3/95 HPs)
             Began as a Demigod Delver on July 29, 2023.
             Slain by a black mamba (13 damage)
             ... on level 1 of the Lair of Beasts.
             The game lasted 00:33:01 (13436 turns).

drugrobin the Cleaver (Demigod Delver)             Turns: 13436, Time: 00:33:01

Health: -3/95      AC: 12    Str: 25    XL:     11   Next: 43%
Magic:  14/14      EV: 12    Int: 12    God:
Gold:   373        SH:  0    Dex: 21    Spells: 7/10 levels left

rFire   . . .        e - +3 battleaxe
rCold   . . .        (shield currently unavailable)
rNeg    . . .        S - +0 steam dragon scales
rPois   .            H - +0 helmet
rElec   .            G - +0 cloak
rCorr   .            p - +0 pair of gloves
SInv    .            (no boots)
Will    +....        (no amulet)
Stlth   +++          Q - +4 ring of protection
HPRegen 0.35/turn    z - +6 ring of dexterity
MPRegen 0.14/turn

%: no passive effects
@: no status effects
A: high MP 1, forlorn, divine attributes
a: no special abilities


You were on level 1 of the Lair of Beasts.
You visited 2 branches of the dungeon, and saw 12 of its levels.

You collected 595 gold pieces.
You spent 222 gold pieces at shops.

Inventory:

Hand Weapons
 a - a +0 hand axe
 b - a +0 war axe
 c - a +1 dagger of venom
 d - a +3 antimagic flail
 e - a +3 battleaxe (weapon)
Missiles
 m - 3 datura-tipped darts
 q - 22 poisoned darts
 s - 4 curare-tipped darts
 w - 4 boomerangs (quivered)
 y - 5 atropa-tipped darts
Armour
 h - a scarf of invisibility
 k - a +0 buckler
 p - a +0 pair of gloves (worn)
 G - a +0 cloak (worn)
 H - a +0 helmet (worn)
 S - +0 steam dragon scales (worn)
 V - a +0 ring mail of cold resistance
Jewellery
 i - a ring of wizardry
 o - a ring of wizardry
 z - a +6 ring of dexterity (right hand)
 K - a ring of see invisible
 Q - a +4 ring of protection (left hand)
 W - a ring of ice
 Y - a ring of protection from fire
Wands
 g - a wand of digging (3)
 C - a wand of flame (5)
 I - a wand of iceblast (1)
Scrolls
 j - a scroll of enchant weapon
 l - 4 scrolls of teleportation
 n - a scroll of summoning {unknown}
 t - 2 scrolls of blinking
 v - a scroll of poison
 x - 3 scrolls of amnesia
 E - a scroll of enchant armour
 F - a scroll of fear
 J - 2 scrolls of revelation
 L - a scroll of fog
 N - 2 scrolls of immolation
 O - a scroll of silence
 U - 2 scrolls of vulnerability
 X - 2 scrolls of torment
 Z - a scroll of noise {unknown}
Potions
 f - 3 potions of haste
 r - 5 potions of attraction {unknown}
 u - 4 potions of brilliance
 A - 3 potions of heal wounds {unknown}
 B - 3 potions of might {unknown}
 D - a potion of cancellation {unknown}
 M - a potion of enlightenment
 P - 2 potions of curing
 R - a potion of lignification {unknown}
 T - a potion of berserk rage {unknown}


   Skills:
 + Level 8.7 Fighting
 + Level 14.7 Axes
 - Level 1.7 Dodging
 - Level 4.5 Stealth
 + Level 3.7 Evocations


You had 7 spell levels left.
You knew the following spells:

 Your Spells              Type           Power      Damage    Failure   Level
a - Blink                 Tloc           0%         N/A       45%         2
b - Summon Small Mammal   Summ           0%         N/A       32%         1

Your spell library contained the following spells:

 Spells                   Type           Power      Damage    Failure   Level
 Apportation              Tloc           0%         N/A       32%         1
 Lesser Beckoning         Tloc           0%         N/A       45%         2
 Momentum Strike          Conj/Tloc      0%         3d8       45%         2
 Call Canine Familiar     Summ           0%         N/A       69%         3
 Ignite Poison            Fire/Tmut/Pois 0%         N/A       69%         3
 Ozocubu's Armour         Ice            0%         N/A       69%         3
 Portal Projectile        Hex/Tloc       0%         N/A       69%         3
 Summon Guardian Golem    Hex/Summ       0%         N/A       69%         3
 Tukima's Dance           Hex            0%         N/A       69%         3
 Iskenderun's Mystic Bla  Conj/Tloc      0%         2d3       97%         4
 Sticky Flame             Conj/Fire      0%         2d3       97%         4
 Alistair's Intoxication  Tmut/Pois      0%         N/A       100%        5
 Metabolic Englaciation   Hex/Ice        0%         N/A       100%        5
 Simulacrum               Ice/Necr       0%         N/A       100%        6
 Ignition                 Fire           0%         3d3       100%        8


Dungeon Overview and Level Annotations

Branches:
Dungeon (11/15)            Temple (0/1) D:4            Lair (1/5) D:11
    Orc (0/2) D:11

Shops:
D:7 *

Annotations:
D:2 1 runed translucent door, exclusion: door, Crazy Yiuf


Innate Abilities, Weirdness & Mutations

You have an increased reservoir of magic. (+10% MP)
You shall have no god before yourself.
Your divine heritage dramatically boosts your attributes as you level up.


Message History

You kill the komodo dragon!
You feel very sick.
The black mamba bites you but does no damage.
The black mamba barely misses you.
Unknown command.
Unknown command.
You hit the black mamba.
The black mamba is lightly wounded.
You feel very sick. The black mamba barely misses you.
The black mamba bites you!
* * * LOW HITPOINT WARNING * * *
You are lethally poisoned!
The black mamba poisons you!
Unknown command.
Okay, then.
Okay, then.
Unknown command.
Okay, then.
Unknown command.
Unknown command.
Unknown command.
Throw: 5 darts (atropa)
Press: ? - help, Shift-Dir - straight line, f - black mamba
Aim: a black mamba (lightly wounded, 48% to hit, chance to blind on hit: 19%)
Okay, then.
Unknown command.
Unknown command.
You closely miss the black mamba.
The black mamba is lightly wounded.
* * * LOW HITPOINT WARNING * * *
You feel extremely sick. The black mamba bites you!
* * * LOW HITPOINT WARNING * * *
Unknown command.
Unknown command.
Unknown command.
You feel better. The black mamba bites you.
* * * LOW HITPOINT WARNING * * *
The black mamba bites you!
You die...

..####.....##.#.##
###.########
#...............#
###
#####...########
## #..## .. #..###
.# #>.#.####### .#
#..........# .#
##.#####.P.## S##
## #.# ####.@##..#
#. #.# #.....S..#
##. #.# #.#..#####
#.. #.# #..#.# ##.
#.# #..##.# #.
#.P#...../. #.
#......##
#.######. .......#
#........
.P......#
####..#P.


You could see a black mamba.

Vanquished Creatures
  Fannar (D:10)
  5 centaur zombies (D:10)
  Joseph (D:8)
  A gargoyle (D:11)
  An unseen horror zombie (D:10)
  2 komodo dragons
  A kobold demonologist (D:11)
  2 tengu conjurers
  A hornet (D:8)
  Sigmund (D:2)
  3 wyverns
  14 yaks
  A wraith (D:9)
  5 basilisks
  Grum (Lair:1)
  2 steam dragons
  Edmund (D:5)
  3 orc warriors
  5 water moccasins
  A sky beast (D:4)
  A black bear (D:7)
  8 centaurs
  2 ogres
  4 wolves
  A phantom (D:4)
  2 kobold brigands
  A gnoll sergeant (D:8)
  4 bullfrogs
  2 necrophages (D:10)
  A scorpion (D:7)
  5 wights
  2 jellies
  17 killer bees
  2 hounds
  A human zombie (D:10)
  3 orc priests
  2 sleepcaps
  5 iguanas
  Terence (D:2)
  7 orc wizards
  2 mummies (D:10)
  A howler monkey zombie (D:10)
  5 gnolls (D:8)
  6 adders
  A white imp (D:7)
  A worm (D:4)
  2 dart slugs (D:3)
  37 orcs
  3 bats
  7 endoplasms
  2 giant cockroaches (D:1)
  10 goblins
  6 hobgoblins
  4 jackals (D:5)
  3 quokkas
  2 ball pythons
  A frilled lizard (D:1)
  16 kobolds
  4 rats
236 creatures vanquished.

Vanquished Creatures (collateral kills)
  2 yaks (D:10)
  A scorpion (D:5)
3 creatures vanquished.

Vanquished Creatures (others)
  A yak (D:10)
1 creature vanquished.

Grand Total: 240 creatures vanquished

Notes
Turn   | Place    | Note
-------+----------+-------------------------------------------
     0 | D:5      | drugrobin the Demigod Delver began the quest for the Orb.
     0 | D:5      | Reached XP level 1. HP: 18/18 MP: 3/3
    39 | D:5      | Noticed an orc priest
   104 | D:5      | Noticed a jelly
   250 | D:3      | Reached skill level 2 in Axes
   479 | D:2      | Reached XP level 2. HP: 25/25 MP: 4/4
   811 | D:1      | Reached skill level 3 in Axes
  1036 | D:1      | Reached XP level 3. HP: 28/30 MP: 5/5
  1060 | D:2      | Noticed Sigmund
  1075 | D:2      | Killed Sigmund
  1076 | D:2      | Reached skill level 5 in Axes
  1076 | D:2      | Reached XP level 4. HP: 30/37 MP: 6/6
  1076 | D:2      | Reached XP level 5. HP: 34/42 MP: 7/7
  1280 | D:2      | Noticed Terence
  1316 | D:2      | Killed Terence
  1557 | D:2      | Found a runed translucent door.
  1558 | D:2      | Noticed Crazy Yiuf
  2332 | D:4      | Noticed a sky beast
  2351 | D:4      | Killed a sky beast
  2352 | D:4      | Reached skill level 6 in Axes
  2352 | D:4      | Reached XP level 6. HP: 27/50 MP: 8/8
  2732 | D:4      | Found a staircase to the Ecumenical Temple.
  3228 | D:5      | Reached skill level 7 in Axes
  3446 | D:5      | Reached XP level 7. HP: 54/56 MP: 9/9
  3829 | D:5      | Noticed Edmund
  3860 | D:5      | Killed Edmund
  3861 | D:5      | Reached skill level 8 in Axes
  4549 | D:6      | Learned a level 2 spell: Blink
  4615 | D:6      | Reached skill level 9 in Axes
  4827 | D:6      | Reached XP level 8. HP: 54/62 MP: 10/10
  5854 | D:7      | Reached skill level 10 in Axes
  6065 | D:7      | Found Maofabb's General Store.
  6073 | D:7      | Bought a scroll of teleportation for 36 gold pieces
  6073 | D:7      | Bought a scroll of identify for 24 gold pieces
  6073 | D:7      | Bought a potion of brilliance for 48 gold pieces
  6073 | D:7      | Bought a scroll of silence for 114 gold pieces
  6488 | D:7      | Learned a level 1 spell: Summon Small Mammal
  7300 | D:7      | Reached skill level 11 in Axes
  7466 | D:7      | HP: 2/62 [killer bee (6)]
  7867 | D:8      | Noticed a hornet
  7874 | D:8      | Killed a hornet
  7875 | D:8      | Reached XP level 9. HP: 64/68 MP: 11/11
  8069 | D:8      | Reached skill level 12 in Axes
  8210 | D:8      | Noticed Joseph
  8236 | D:8      | Killed Joseph
  9555 | D:9      | Reached skill level 13 in Axes
  9910 | D:10     | Entered Level 10 of the Dungeon
 10108 | D:10     | Noticed Fannar
 10124 | D:10     | Killed Fannar
 10125 | D:10     | Reached skill level 5 in Fighting
 10125 | D:10     | Reached XP level 10. HP: 42/81 MP: 13/13
 10906 | D:10     | Reached skill level 14 in Axes
 11566 | D:11     | Found a staircase to the Orcish Mines.
 11744 | D:11     | Reached XP level 11. HP: 87/94 MP: 14/14
 11747 | D:11     | Reached skill level 1 in Evocations
 12299 | D:11     | Found a staircase to the Lair.
 12413 | Lair:1   | Entered Level 1 of the Lair of Beasts
 12433 | Lair:1   | Noticed Grum
 12713 | Lair:1   | Killed Grum
 13435 | Lair:1   | HP: 2/95 [black mamba (9)]
 13436 | Lair:1   | Slain by a black mamba

Illustrated notes

Levels and vault maps discovered:
D:1:      pf_arrival_petrified_forest, layout_rooms
D:2:      layout_basic, ebering_ecumenical_altar_rust, basic_altar,
          uniq_crazy_yiuf_cottage, uniq_terence, uniq_sigmund
D:3:      layout_loops_cross
D:4:      layout_basic, tso_altar, minmay_temple_entry_butterflies
D:5:      layout_basic, lemuel_crystal_altar, lemuel_crystal_altar,
          palyth_stone_intersect, uniq_edmund
D:6:      layout_basic, marbit_many_paths, mainiacjoe_overflow_catwalk,
          minmay_misc_feat_encased
D:7:      layout_cave_pods, serial_shops, shop
D:8:      layout_gridville, mainiacjoe_overflow_small_starburst,
          chequers_temple_overflow_statue_of_worship, uniq_joseph
D:9:      layout_rooms, ebering_dispersal_statue_hall
D:10:     layout_cave_pools, nicolae_overflow_crystal_walls,
          lemuel_mausoleum_altar_yredelemnul, uniq_fannar
D:11:     layout_roguey, erik_lair_dragon, orc_0_dummy, minmay_misc_feat_tiny
Lair:1:   layout_loops_ring, nicolae_lair_grove_arrangements, uniq_grum

Skill      XL: |  1  2  3  4  5  6  7  8  9 10 11 |
---------------+----------------------------------+-----
Axes           | 2 3 5 6 7 9 11 13 14 | 14.7
Fighting       | 5 7 8 |  8.7
Evocations     | 3 |  3.7
Dodging        | |  1.7
Stealth        | |  4.5

Action                     |  1- 3 |  4- 6 |  7- 9 | 10-12 || total
---------------------------+-------+-------+-------+-------++-------
  Melee: Hand axe          |   103 |   121 |    24 |     4 ||   252
         War axe           |       |     9 |   221 |       ||   230
         Dagger            |       |       |    43 |     3 ||    46
         Battleaxe         |       |       |   106 |   235 ||   341
         Flail             |       |       |       |    21 ||    21
  Throw: Dart              |     3 |     8 |    21 |    15 ||    47
         Boomerang         |       |    10 |    17 |     8 ||    35
         Throwing net      |       |       |     1 |     1 ||     2
   Cast: Summon Small Mamm |       |       |     3 |     8 ||    11
         Blink             |       |       |     1 |       ||     1
  Evoke: Wand              |       |     1 |    11 |       ||    12
    Use: Scroll            |       |       |    12 |     2 ||    14
         Potion            |       |       |     3 |     1 ||     4
   Stab: Sleeping          |     2 |     1 |       |     7 ||    10
         Held in net/web   |       |       |     1 |     2 ||     3
 Armour: Leather armour    |     2 |       |       |       ||     2
         Scale mail        |    39 |    32 |       |       ||    71
         Chain mail        |       |    35 |   194 |       ||   229
         Steam dragon scal |       |       |    16 |   166 ||   182
  Dodge: Dodged            |    39 |    50 |   196 |   184 ||   469
  Block: Buckler           |    18 |    18 |    74 |    13 ||   123

Table legend: (Time is in decaauts)
 A = Elapsed time spent in this place.
 B = Non-inter-level travel time spent in this place.
 C = Inter-level travel time spent in this place.
 D = Time resting spent in this place.
 E = Time spent auto-exploring this place.
 F = Levels seen in this place.
 G = Mean time per level.
                   A        B        C        D        E       F      G
               +--------+--------+--------+--------+--------+-----+--------+
         Total |  13506 |  13178 |    328 |   2899 |   7186 |  12 | 1125.5 |
       Dungeon |  12729 |  12401 |    328 |   2778 |   6763 |  11 | 1157.2 |
          Lair |    776 |    776 |      0 |    121 |    423 |   1 |  776.0 |
               +--------+--------+--------+--------+--------+-----+--------+

Top non-repeatable levels by time:
     D:7: 1826 daAuts
     D:6: 1531 daAuts
     D:8: 1388 daAuts
     D:5: 1332 daAuts
     D:9: 1277 daAuts
    D:11: 1159 daAuts
     D:4: 1115 daAuts
    D:10: 1040 daAuts
     D:2: 891 daAuts
  Lair:1: 776 daAuts
     D:3: 622 daAuts
     D:1: 545 daAuts
